 Dungeon Crawl Stone Soup version 0.17.1-1-g73c8601 (webtiles) character file.

1887 DeXoteric the Covert (level 8, -5/36 HPs)
             Began as a Spriggan Enchanter on Jan 6, 2016.
             Shot with a sling bullet of flame by Joseph (6 damage)
             ... on level 7 of the Dungeon.
             The game lasted 00:15:31 (7320 turns).

DeXoteric the Covert (Spriggan Enchanter)           Turns: 7320, Time: 00:15:31

Health: -5/36      AC:  5    Str:  4    XL:     8   Next: 92%
Magic:  4/13       EV: 18    Int: 18    God:
Gold:   350        SH:  0    Dex: 17    Spells: 3 memorised, 6 levels left

rFire  . . .     SeeInvis +     a - +1 dagger
rCold  . . .     Clarity  +     u - +2 robe {Archmagi}
rNeg   . . .     SustAt   .     (shield restricted)
rPois  .         Gourm    .     (helmet restricted)
rElec  .         Spirit   .     C - +0 cloak
rCorr  .         Warding  .     (gloves unavailable)
rMut   .         Stasis   .     (boots unavailable)
MR     +....                    A - amulet of clarity
Stlth  ++++++....               (no ring)
                                (no ring)

@: very quick, somewhat resistant to hostile enchantments, very stealthy
A: unfitting armour, see invisible, herbivore 3, speed 3, slow metabolism 2
a: no special abilities


You were on level 7 of the Dungeon.
You were not hungry.

You visited 1 branch of the dungeon, and saw 7 of its levels.

You collected 350 gold pieces.

Inventory:

Hand Weapons
 a - a +1 dagger (weapon)
 b - a +0 blowgun
Missiles
 l - 53 poisoned needles
Armour
 m - a +1 robe
 u - a +2 robe of the Archmagi (worn)
 C - a +0 cloak (worn)
Jewellery
 z - an uncursed amulet of resist mutation
 A - an amulet of clarity (around neck)
Wands
 F - a wand of paralysis (8)
 H - a wand of paralysis (11)
Scrolls
 e - 8 scrolls of identify {unknown}
 f - 4 scrolls of remove curse {unknown}
 g - 2 scrolls of enchant weapon {unknown}
 h - a scroll of magic mapping {unknown}
 j - 2 scrolls of enchant armour {unknown}
 o - a scroll of fog {unknown}
 q - 2 scrolls of immolation {unknown}
 r - a scroll of random uselessness {unknown}
 s - a scroll of amnesia {unknown}
 t - 2 scrolls of blinking {unknown}
 v - a scroll of teleportation {unknown}
 y - a scroll of recharging {unknown}
 D - a scroll of holy word {unknown}
Potions
 i - a potion of brilliance {unknown}
 k - a potion of resistance {unknown}
 n - 2 potions of heal wounds {unknown}
 p - a potion of agility {unknown}
 w - 3 potions of lignification {unknown}
 x - a potion of haste {unknown}
 B - a potion of might {unknown}
 E - a potion of flight {unknown}
 G - 2 potions of curing {unknown}
 I - a potion of magic {unknown}
Books
 c - a book of Maledictions

   Spells                             Type                      Level
   a - Corona                         Hexes                        1
   b - Ensorcelled Hibernation        Hexes/Ice                    2
   c - Confuse                        Hexes                        3
   d - Tukima's Dance                 Hexes                        3
   e - Dazzling Spray                 Conjuration/Hexes            3
 J - a book of Flames

   Spells                             Type                      Level
   a - Flame Tongue                   Conjuration/Fire             1
   b - Throw Flame                    Conjuration/Fire             2
   c - Conjure Flame                  Conjuration/Fire             3
   d - Inner Flame                    Hexes/Fire                   3
   e - Sticky Flame                   Conjuration/Fire             4
   f - Fireball                       Conjuration/Fire             5
Comestibles
 d - 2 bread rations


   Skills:
 + Level 7.1 Short Blades
 - Level 3.0 Dodging
 + Level 11.3 Stealth
 - Level 2.6 Spellcasting
 + Level 8.9 Hexes


You had 6 spell levels left.
You knew the following spells:

 Your Spells              Type           Power        Failure   Level  Hunger
a - Ensorcelled Hibernat  Hex/Ice        ####..       4%          2    ##.....
b - Confuse               Hex            ######..     1%          3    ###....
C - Corona                Hex            ######.      1%          1    #......


Dungeon Overview and Level Annotations

Branches:
Dungeon (7/15)
 Temple: D:4-7

Altars:
Ashenzari
Elyvilon
Nemelex Xobeh
Qazlal
Ru
Vehumet
Xom
Yredelemnul
Zin
The Shining One

Shops:
D:6 [

Annotations:
D:7 Dowan, Duvessa, Joseph


Innate Abilities, Weirdness & Mutations

You are tiny and cannot use many weapons and most armour.
You have supernaturally acute eyesight.
You are a herbivore.
You cover ground extremely quickly.
You need consume almost no food.


Message History

You impale the adder skeleton!!
You destroy the adder skeleton!
You closely miss the big kobold. Dowan casts a spell at you.
The puff of frost hits you!
* * * LOW HITPOINT WARNING * * *
You take 6 damage, and have 17/36 hp.
The big kobold hits itself with a battleaxe!
Dowan gestures wildly while chanting.
Dowan blinks!
An ogre comes into view. It is wielding a giant spiked club.
A necrophage and Joseph come into view.
Joseph shouts!
Joseph unwields an uncursed quarterstaff.
Joseph wields a hunting sling.
Joseph shoots a sling bullet of flame.
The sling bullet of flame hits you!!
Ouch! That really hurt!
* * * LOW HITPOINT WARNING * * *
The sling bullet of flame burns you.
You die...

#.###.### ###.#### #####
##.#......####n...#
....####.....+....#
##........####....###
#........#####......@
#.....#..............
#.....#......#.......
#.....#..###.i..#..O
#........#...........
#####.#.##.#......##.
#.....#.##.#.#.......
#.....#....#.########
#.....######.###....######
#........# #.##_.........#
####....###.# #..........)..#
..........#.###.............#


You could see Joseph and a necrophage (wandering).

Vanquished Creatures
  Sigmund (D:4)
  Eustachio (D:4)
  Edmund (D:5)
  2 centaurs (D:7)
  A phantom (D:4)
  5 ogres
  Blork the orc (D:4)
  2 scorpions (D:7)
  3 human zombies (D:4)
  2 orc wizards (D:5)
  A crimson imp (D:4)
  2 iguanas
  2 orc priests
  Crazy Yiuf (D:5)
  A hound (D:5)
  A human skeleton (D:4)
  A hound skeleton (D:5)
  10 adders
  2 oozes (D:3)
  2 adder skeletons
  A worm (D:4)
  6 giant geckos
  13 orcs
  6 bats (D:1)
  2 gnoll zombies (D:6)
  11 goblins
  11 hobgoblins
  15 jackals
  A ball python (D:4)
  4 giant cockroaches
  A giant cockroach zombie (D:5)
  3 giant newts
  15 kobolds
  An orc skeleton (D:4)
  An orc zombie (D:4)
  A quokka (D:4)
  11 rats
145 creatures vanquished.

Notes
Turn   | Place    | Note
--------------------------------------------------------------
     0 | D:1      | DeXoteric the Spriggan Enchanter began the quest for the Orb.
     0 | D:1      | Reached XP level 1. HP: 9/9 MP: 5/5
   186 | D:1      | Reached XP level 2. HP: 13/13 MP: 6/6
   214 | D:1      | Reached skill level 5 in Stealth
   235 | D:1      | Learned a level 2 spell: Ensorcelled Hibernation
  1273 | D:1      | Reached XP level 3. HP: 13/16 MP: 8/8
  1278 | D:1      | Learned a level 3 spell: Confuse
  1933 | D:2      | You fall through a shaft for 2 floors!
  2024 | D:3      | Reached XP level 4. HP: 17/21 MP: 6/9
  2222 | D:2      | Reached skill level 6 in Stealth
  2297 | D:2      | Found a glowing golden altar of the Shining One.
  3212 | D:3      | Reached skill level 5 in Hexes
  3222 | D:3      | Found a faded altar to an unknown god.
  3254 | D:3      | Reached XP level 5. HP: 24/24 MP: 10/10
  3369 | D:3      | Found a glowing silver altar of Zin.
  3604 | D:4      | Noticed an ogre
  3625 | D:4      | Killed an ogre
  3625 | D:4      | Reached skill level 7 in Stealth
  3737 | D:4      | Noticed an ogre
  3742 | D:4      | Killed an ogre
  3742 | D:4      | Reached XP level 6. HP: 28/28 MP: 11/11
  3814 | D:4      | Noticed Eustachio
  3829 | D:4      | Killed Eustachio
  3829 | D:4      | Reached skill level 8 in Stealth
  4021 | D:4      | Reached XP level 7. HP: 22/32 MP: 5/12
  4189 | D:4      | Noticed Blork the orc
  4195 | D:4      | Killed Blork the orc
  4264 | D:4      | Noticed a phantom
  4278 | D:4      | Killed a phantom
  4278 | D:4      | Reached skill level 5 in Short Blades
  4278 | D:4      | Reached skill level 9 in Stealth
  4620 | D:4      | Noticed an ogre
  4626 | D:4      | Killed an ogre
  4632 | D:4      | Noticed Sigmund
  4645 | D:4      | Killed Sigmund
  4645 | D:4      | Reached XP level 8. HP: 28/36 MP: 9/13
  5003 | D:5      | Entered Level 5 of the Dungeon
  5016 | D:5      | Reached skill level 10 in Stealth
  5540 | D:5      | Found a sparkling altar of Nemelex Xobeh.
  5541 | D:5      | Found a radiant altar of Vehumet.
  5654 | D:5      | Found a sacrificial altar of Ru.
  5693 | D:5      | Noticed Crazy Yiuf
  5701 | D:5      | Killed Crazy Yiuf
  5826 | D:5      | Found a white marble altar of Elyvilon.
  5826 | D:5      | Found a stormy altar of Qazlal.
  5826 | D:5      | Found a shattered altar of Ashenzari.
  6007 | D:5      | Noticed Edmund
  6014 | D:5      | Killed Edmund
  6297 | D:6      | Found Ifruyba's Antique Armour Emporium.
  6958 | D:6      | Found a basalt altar of Yredelemnul.
  7048 | D:7      | Reached skill level 11 in Stealth
  7054 | D:7      | Found a shimmering altar of Xom.
  7191 | D:7      | Noticed Duvessa
  7207 | D:7      | Noticed Dowan
  7320 | D:7      | Noticed Joseph
  7320 | D:7      | HP: 1/36 [Joseph/sling bullet of flame (18)]
  7320 | D:7      | Shot with a sling bullet of flame by Joseph

Action                   |  1- 3 |  4- 6 |  7- 9 || total
-------------------------+-------+-------+-------++-------
Melee: Dagger            |   141 |   101 |   205 ||   447
 Cast: Ensorcelled Hiber |     4 |    15 |    27 ||    46
       Confuse           |       |     6 |    19 ||    25
 Stab: Sleeping          |    17 |    29 |    31 ||    77
       Confused          |       |     5 |     9 ||    14
  Eat: Pizza             |       |     2 |       ||     2
       Fruit             |       |       |     3 ||     3
       Bread ration      |       |       |     1 ||     1
